 Dungeon Crawl Stone Soup version 0.30-a0-377-g5cb311bc9f (webtiles) character file.

Game seed: 3461228759457008029

1392 themarg the Destroyer (level 8, -4/57 HPs)
             Began as a White Draconian Conjurer on Dec 1, 2022.
             Slain by a vampire (11 damage)
             ... on level 6 of the Dungeon.
             The game lasted 00:15:00 (7339 turns).

themarg the Destroyer (White Draconian Conjurer)    Turns: 7339, Time: 00:15:00

Health: -4/57      AC:  9    Str: 10    XL:     8   Next: 41%
Magic:  6/15       EV: 12    Int: 20    God:
Gold:   74         SH:  0    Dex: 10    Spells: 14/17 levels left

rFire   . . .      SeeInvis .    g - +0 dagger
rCold   + . .      Faith    .    (no shield)
rNeg    . . .      Spirit   .    (body armour unavailable)
rPois   .          Reflect  .    (helmet restricted)
rElec   .          Harm     .    c - +2 cloak
rCorr   .          Rampage  .    (no gloves)
Will    .....                    (no boots)
Stlth   ++........               (no amulet)
HPRegen 0.29/turn                (no ring)
MPRegen 0.14/turn                (no ring)

@: no status effects
A: breathe frost, AC +6, unfitting armour, cold resistance 1, cold-blooded
a: Breathe Frost


You were on level 6 of the Dungeon.
You visited 1 branch of the dungeon, and saw 6 of its levels.

You collected 217 gold pieces.
You spent 143 gold pieces at shops.

Inventory:

Hand Weapons
 g - a +0 dagger (weapon)
Missiles
 e - 67 stones
 y - 4 poisoned darts
Armour
 c - a +2 cloak (worn)
 j - a scarf of harm
 q - a +0 buckler
Jewellery
 i - a ring of willpower
Wands
 r - a wand of paralysis (9)
 s - a wand of polymorph (11)
 v - a wand of flame (35)
Scrolls
 d - 3 scrolls of fog
 f - a scroll of teleportation {unknown}
 k - a scroll of blinking {unknown}
 n - 2 scrolls of amnesia {unknown}
 u - a scroll of magic mapping {unknown}
 w - a scroll of enchant weapon {unknown}
 A - a scroll of identify
Potions
 a - 2 potions of magic
 b - a potion of ambrosia
 h - a potion of degeneration {unknown}
 l - 3 potions of curing
 m - 2 potions of attraction
 o - 3 potions of heal wounds
 p - 2 potions of berserk rage {unknown}
 t - a potion of mutation {unknown}
 x - a potion of might {unknown}
 z - a potion of brilliance {unknown}


   Skills:
 - Level 1.7 Dodging
 - Level 3.0 Stealth
 - Level 5.0 Spellcasting
 + Level 8.8 Conjurations
 + Level 2.1 Hexes
 + Level 2.4 Translocations


You had 14 spell levels left.
You knew the following spells:

 Your Spells              Type           Power      Damage    Failure   Level
a - Magic Dart            Conj           100%       1d8       1%          1
b - Searing Ray           Conj           80%        2d7       1%          2

Your spell library contained the following spells:

 Spells                   Type           Power      Damage    Failure   Level
 Dazzling Flash           Conj/Hex       54%        N/A       3%          3
 Hailstorm                Conj/Ice       22%        3d7       5%          3
 Freeze                   Ice            20%        1d4       12%         1
 Fulminant Prism          Conj/Hex       13%        3d9       12%         4
 Iskenderun's Mystic Bla  Conj/Tloc      27%        2d7       12%         4
 Inner Flame              Hex/Fire       9%         N/A       22%         3
 Frozen Ramparts          Ice            10%        1d2       34%         3
 Ozocubu's Armour         Ice            5%         N/A       34%         3
 Cause Fear               Hex            6%         N/A       43%         4
 Malign Gateway           Summ/Tloc      4%         N/A       100%        7
 Ozocubu's Refrigeration  Ice            2%         4d8       100%        7
 Discord                  Hex            6%         N/A       100%        8
 Summon Horrible Things   Summ           2%         N/A       100%        8


Dungeon Overview and Level Annotations

Branches:
Dungeon (6/15)
 Temple: D:4-7

Altars:
Ashenzari
Cheibriados
Elyvilon
Hepliaklqana
Makhleb
Uskayaw
Wu Jian
Xom
Zin

Shops:
D:3 [   D:6 :!

Annotations:
D:3 3 runed translucent doors, billz999's ghost, amateur GnHu; retardedninja's ghost, amateur HOFi


Innate Abilities, Weirdness & Mutations

You can breathe waves of freezing cold which knock back foes.
Your icy white scales are hard. (AC +6)
You cannot fit into any form of body armour.
Your flesh is cold resistant. (rC+)
You are cold-blooded and may be slowed by cold attacks.


Message History

The searing ray hits the vampire!
The vampire is moderately damaged.
The vampire hits you. The vampire completely misses you.
The searing ray misses the vampire.
The vampire hits you! The vampire closely misses you.
The searing ray misses the vampire.
You finish channelling your searing ray.
The vampire hits you. The vampire bites you!
The vampire draws strength from your injuries!
Casting: Searing Ray (safe; 1% risk of failure)
Confirm with . or Enter, or press ? or * to list all spells.
Aiming: Searing Ray (safe; 1% risk of failure)
Press: ? - help, Shift-Dir - straight line, f/p - vampire
Aim: a vampire (lightly damaged, 82% to hit)
The searing ray hits the vampire.
The vampire is lightly damaged. (Press . to maintain the ray.)
The vampire hits you.
The vampire bites you but does no damage.
The searing ray hits the vampire.
The vampire is moderately damaged.
The vampire closely misses you. The vampire bites you!
The vampire draws strength from your injuries!
The searing ray hits the vampire.
The vampire is moderately damaged.
The vampire hits you but does no damage.
The vampire bites you!
* * * LOW HITPOINT WARNING * * *
The vampire draws strength from your injuries!
The searing ray hits the vampire.
The vampire is lightly damaged.
You finish channelling your searing ray.
The vampire hits you.
* * * LOW HITPOINT WARNING * * *
The vampire barely misses you.
Aiming: Paralyse
Press: ? - help, Shift-Dir - straight line, f/p - vampire
Aim: a vampire (lightly damaged, chance to affect: 31%)
The vampire easily resists.
The vampire hits you!
You die...

##### .## #...##
....### #....#
.......####....##
.......V@##.....##
#
.......##........#
## .......
###......## # .#
.......
#.......#### #. .#
.......
#..........##..
.## ....o..
##......##.....
..# .......
#......####... ..#
....... #.....##
##... ..## #....##
#....


You could see a vampire.

Vanquished Creatures
  A wyvern (D:6)
  A steam dragon (D:6)
  A water moccasin (D:5)
  A black bear (D:5)
  4 ogres
  3 lemures (D:6)
  A phantom (D:6)
  2 scorpions (D:4)
  3 hounds
  Jessica (D:3)
  2 iguanas
  2 orc wizards (D:6)
  6 gnolls
  7 adders
  A shadow imp (D:6)
  An ufetubus (D:5)
  4 worms
  A dart slug (D:2)
  4 orcs (D:6)
  7 endoplasms
  3 giant cockroaches
  11 goblins
  7 hobgoblins
  6 jackals
  2 quokkas
  7 ball pythons
  8 bats
  A frilled lizard (D:2)
  5 kobolds
  2 rats
105 creatures vanquished.

Vanquished Creatures (others)
  A quokka (D:5)
  6 withered plants (D:3)
7 creatures vanquished.

Grand Total: 112 creatures vanquished

Notes
Turn   | Place    | Note
-------+----------+-------------------------------------------
     0 | D:1      | themarg the Draconian Conjurer began the quest for the Orb.
     0 | D:1      | Reached XP level 1. HP: 14/14 MP: 3/3
   247 | D:1      | Reached XP level 2. HP: 20/20 MP: 0/5
   631 | D:1      | Found a faded altar of an unknown god.
  1124 | D:1      | Reached XP level 3. HP: 26/26 MP: 3/6
  1289 | D:1      | Learned a level 2 spell: Searing Ray
  2660 | D:3      | Found Xymmiv's Antique Armour Shoppe.
  2692 | D:3      | Found a glowing silver altar of Zin.
  2692 | D:3      | Found a shimmering altar of Xom.
  2692 | D:3      | Noticed an angel
  2702 | D:3      | Reached XP level 4. HP: 33/33 MP: 2/8
  3415 | D:3      | Noticed Jessica
  3424 | D:3      | Killed Jessica
  3425 | D:3      | Reached skill level 5 in Conjurations
  3425 | D:3      | Reached XP level 5. HP: 38/38 MP: 9/9
  3425 | D:3      | Found a runed translucent gate.
  3425 | D:3      | Found a runed translucent gate.
  3426 | D:3      | Found a runed translucent gate.
  3429 | D:3      | Noticed retardedninja's ghost (amateur HOFi)
  3429 | D:3      | Noticed billz999's ghost (amateur GnHu)
  3552 | D:3      | Found a hide-covered altar of Uskayaw.
  3553 | D:3      | Found a burning altar of Makhleb.
  3555 | D:3      | Found a hazy altar of Hepliaklqana.
  4287 | D:4      | Reached XP level 6. HP: 45/45 MP: 5/12
  4444 | D:4      | Found a snail-covered altar of Cheibriados.
  5165 | D:5      | Entered Level 5 of the Dungeon
  5281 | D:5      | Found a white marble altar of Elyvilon.
  5289 | D:5      | Reached skill level 6 in Conjurations
  5540 | D:5      | Found a broken altar of Ashenzari.
  5607 | D:5      | Your scales start taking on an icy white colour.
  5607 | D:5      | Reached XP level 7. HP: 50/50 MP: 8/14
  5607 | D:5      | Gained mutation: Your flesh is cold resistant. (rC+) [White
                  | Draconian growth]
  5710 | D:5      | Reached skill level 5 in Spellcasting
  5718 | D:5      | Reached skill level 7 in Conjurations
  5946 | D:5      | Found an ornate altar of the Wu Jian Council.
  6492 | D:6      | Noticed a steam dragon
  6498 | D:6      | Killed a steam dragon
  6499 | D:6      | Reached skill level 8 in Conjurations
  6658 | D:6      | Reached XP level 8. HP: 57/57 MP: 9/15
  6661 | D:6      | Reached skill level 1 in Translocations
  6733 | D:6      | Found Kipiaho's Book Shoppe.
  6888 | D:6      | Reached skill level 1 in Hexes
  6900 | D:6      | Noticed Pikel
  6901 | D:6      | Pikel changed into Pikel the wyvern
  6901 | D:6      | Noticed Pikel
  6914 | D:6      | Killed Pikel the wyvern
  7140 | D:6      | Found Coilisch's Distillery.
  7147 | D:6      | Bought a potion of heal wounds for 55 gold pieces
  7147 | D:6      | Bought a potion of magic for 88 gold pieces
  7339 | D:6      | Slain by a vampire

Illustrated notes

Levels and vault maps discovered:
D:1:      ebering_hopf_link, layout_basic,
          hellmonk_ecumenical_altar_prayer_group
D:2:      layout_loops_ring
D:3:      layout_loops_corners, grunt_temple_overflow_order_and_chaos_1,
          nicolae_overflow_hidden_temple, gammafunk_ghost_cemetery,
          serial_shops, shop_fountains, nrook_mini_vaults, uniq_jessica
D:4:      layout_basic, cheibrodos_worm_habitat, grunt_ministairs_9,
          kennysheep_crisscross
D:5:      layout_loops_corners, nicolae_wu_jian_immortal_techniques,
          elyvilon_altar_4, mainiacjoe_overflow_six_doors_small
D:6:      layout_cave_pods, serial_shops, nicolae_square_shop, shop,
          shop_statue, uniq_maggie, uniq_grinder, uniq_pikel

Skill      XL: |  1  2  3  4  5  6  7  8 |
---------------+-------------------------+-----
Stealth        | 2 3 |  3.0
Spellcasting   | 3 4 5 |  5.0
Conjurations   | 5 6 8 |  8.8
Translocations | 2 |  2.4
Hexes          | 2 |  2.1
Dodging        | |  1.7

Action                   |  1- 3 |  4- 6 |  7- 9 || total
-------------------------+-------+-------+-------++-------
Melee: Unarmed           |    18 |     3 |       ||    21
       Tailslap          |     3 |     2 |     4 ||     9
       Dagger            |     4 |    13 |    31 ||    48
 Cast: Magic Dart        |    59 |    32 |     9 ||   100
       Searing Ray       |    12 |    24 |    25 ||    61
Evoke: Wand              |       |       |     3 ||     3
  Use: Scroll            |       |     4 |       ||     4
 Stab: Paralysed         |       |       |     4 ||     4
Armor: Skin              |    18 |     3 |    10 ||    31
Dodge: Dodged            |    23 |    11 |    28 ||    62

Table legend: (Time is in decaauts)
 A = Elapsed time spent in this place.
 B = Non-inter-level travel time spent in this place.
 C = Inter-level travel time spent in this place.
 D = Time resting spent in this place.
 E = Time spent auto-exploring this place.
 F = Levels seen in this place.
 G = Mean time per level.
                   A        B        C        D        E       F      G
               +--------+--------+--------+--------+--------+-----+--------+
         Total |   7352 |   7039 |    313 |    366 |   5902 |   6 | 1225.3 |
       Dungeon |   7352 |   7039 |    313 |    366 |   5902 |   6 | 1225.3 |
               +--------+--------+--------+--------+--------+-----+--------+

Top non-repeatable levels by time:
     D:1: 1537 daAuts
     D:3: 1316 daAuts
     D:5: 1290 daAuts
     D:4: 1259 daAuts
     D:2: 1066 daAuts
     D:6: 882 daAuts
